 Dungeon Crawl Stone Soup version 0.16-a0-621-gdc21f72 (webtiles) character file.

127 PolkaDot the Caller (level 4, -2/30 HPs)
             Began as a Vampire Summoner on Sept 17, 2014.
             Killed from afar by an orc wizard (9 damage)
             ... with a magic dart
             ... on Level 4 of the Dungeon.
             The game lasted 00:09:10 (3677 turns).

PolkaDot the Caller (Vampire Summoner)              Turns: 3677, Time: 00:09:10

HP  -2/30        AC  2     Str  7      XL: 4   Next: 85%
MP   5/7         EV 12     Int 18      God:
Gold 127         SH  0     Dex 14      Spells:  3 memorised,  1 level left

rFire  + . .     SeeInvis +     f - +1 dagger (speed)
rCold  . . .     Clarity  .     a - +0 robe
rNeg   . . .     rCorr    .     (no shield)
rPois  .         rRot     .     (no helmet)
rElec  .         Spirit   .     (no cloak)
SustAb .         Warding  .     (no gloves)
rMut   .         Stasis   .     (no boots)
Gourm  .                        (no amulet)
MR     .....                    o - ring of protection from fire
                                (no ring)

@: regenerating quickly, slowed, very slow, not resistant to hostile
enchantments, unstealthy
A: fangs 3, see invisible, unbreathing
a: no special abilities


You were on level 4 of the Dungeon.
You were very full.

You visited 1 branch of the dungeon, and saw 4 of its levels.

You collected 127 gold pieces.

Inventory:

Hand weapons
 f - a +1 dagger of speed (weapon)
Armour
 a - a +0 robe (worn)
Magical devices
 m - a wand of invisibility (1)
Scrolls
 h - a scroll of teleportation
 j - a scroll of remove curse {unknown}
 k - a scroll of random uselessness {unknown}
 p - 2 scrolls of recharging {unknown}
 q - a scroll of immolation {unknown}
Jewellery
 o - a ring of protection from fire (right hand)
Potions
 c - 2 potions of haste
 d - 2 potions of resistance
 e - a potion of invisibility {unknown}
 g - a potion of heal wounds {unknown}
 i - a potion of might {unknown}
 l - a potion of mutation {unknown}
 n - a potion of magic {unknown}
 r - a potion of poison {unknown}
 t - a potion of cure mutation {unknown}
Books
 b - a book of Callings

   Spells                             Type                      Level
   *Summon Small Mammal               Summoning                    1
   *Call Imp                          Summoning                    2
   *Call Canine Familiar              Summoning                    3
   Summon Guardian Golem              Hexes/Summoning              4
   Summon Lightning Spire             Summoning/Air                4
   Summon Ice Beast                   Ice/Summoning                4
 u - a Necronomicon {highlevel}

   This book is beyond your current level of understanding.

   Spells                             Type                      Level
   Haunt                              Necromancy/Summoning         7
   Borgnjor's Revivification          Necromancy                   8
   Death's Door                       Charms/Necromancy            8
   Necromutation                      Transmutation/Necromancy     8


   Skills:
 - Level 2.1 Dodging
 - Level 3.0 Stealth
 - Level 2.0 Spellcasting
 * Level 6.2 Summonings


You had one spell level left.
You knew the following spells:

 Your Spells              Type           Power        Failure   Level  Hunger
a - Summon Small Mammal   Summ           ###.         1%          1    #......
d - Call Canine Familiar  Summ           ###.....     4%          3    ####...
s - Call Imp              Summ           ###.....     1%          2    ##.....


Dungeon Overview and Level Annotations

Branches:
Dungeon (4/15)
 Temple: D:4-7

Altars:


Innate Abilities, Weirdness & Mutations

Your natural rate of healing is unusually fast.
You have razor-sharp teeth.
You have supernaturally acute eyesight.
You can survive without breathing.


Message History

The orc priest is moderately wounded.
Your hound bites the orc priest.
The orc priest calls down the wrath of Beogh upon you.
Something smites you!
* * * LOW HITPOINT WARNING * * *
Your hound bites the orc priest but does no damage.
You hit the orc priest.
The orc priest is severely wounded.
Your hound bites the orc priest but does no damage.
The orc priest hits you with a club.
* * * LOW HITPOINT WARNING * * *
The orc wizard gestures at you while chanting.
The magic dart hits you!
* * * LOW HITPOINT WARNING * * *
You hit the orc priest.
The orc priest is almost dead.
Your hound barely misses the orc priest.
The orc wizard gestures at you while chanting.
The magic dart hits you!
You die...

##....# ##.......# ##..
###..# ..#####. ##. #....##
##.## ## #####.### #$.#
##..###.## ##..#...### .
##.......##..#
###)...h......#
##.....)@o....##
#..###%.#.....# . ####
##o###...#####..#
#########)...o..........
##.......................
..............o............
......................o....
.≈≈.≈≈≈....≈≈≈.≈..≈≈≈≈≈≈≈≈≈
≈≈≈≈≈≈≈≈≈≈≈≈≈≈≈≈≈≈≈≈≈≈≈≈≈


You could see an orc priest, an orc wizard and a friendly hound.

Vanquished Creatures
  An adder (D:3)
  3 giant geckos
  4 orcs
  10 bats
  4 hobgoblins
  2 kobolds
  3 quokkas (D:2)
  3 ball pythons
  2 giant cockroaches
  2 giant newts
  11 goblins
  6 jackals
  9 rats
60 creatures vanquished.

Vanquished Creatures (collateral kills)
  A hound (D:4)
  A worker ant (D:1)
  An adder (D:2)
  3 orcs (D:4)
  A bat (D:4)
  2 goblins
  2 kobolds
11 creatures vanquished.

Vanquished Creatures (others)
  A white imp (D:4)
1 creature vanquished.

Grand Total: 72 creatures vanquished

Notes
Turn   | Place    | Note
--------------------------------------------------------------
     0 | D:1      | PolkaDot, the Vampire Summoner, began the quest for the Orb.
     0 | D:1      | Reached XP level 1. HP: 13/13 MP: 3/3
   357 | D:1      | Reached XP level 2. HP: 13/19 MP: 0/4
  1161 | D:1      | Learned a level 2 spell: Call Imp
  1341 | D:1      | Reached skill level 5 in Summonings
  1341 | D:1      | Reached XP level 3. HP: 10/24 MP: 0/6
  2344 | D:2      | Learned a level 3 spell: Call Canine Familiar
  2454 | D:3      | Reached XP level 4. HP: 22/30 MP: 7/7
  3167 | D:4      | Reached skill level 6 in Summonings
  3677 | D:4      | Killed from afar by an orc wizard

Action                   |  1- 3 |  4- 6 || total
-------------------------+-------+-------++-------
Melee: Unarmed           |    24 |       ||    24
       Dagger            |   149 |    78 ||   227
 Cast: Summon Small Mamm |     4 |     2 ||     6
       Call Imp          |     6 |    10 ||    16
       Call Canine Famil |       |     1 ||     1
Evoke: Wand              |     1 |       ||     1
  Use: Potion            |     1 |       ||     1
       Scroll            |       |     4 ||     4
 Stab: Sleeping          |     6 |     1 ||     7
  Eat: Corpse            |    17 |     8 ||    25
